 Dungeon Crawl Stone Soup version 0.30.1-4-g462c640d31 (webtiles) character file.

Game seed: 2769994870971545575

12765 LynnLen the Covert (level 11, -3/56 HPs)
             Began as a Spriggan Enchanter on Aug 19, 2023.
             Was a Priest of Dithmenos.
             Slain by a wolf spider (31 damage)
             ... in a Gauntlet.
             The game lasted 00:42:35 (14368 turns).

LynnLen the Covert (Spriggan Enchanter)            Turns: 14368, Time: 00:42:36

Health: -3/56      AC: 12    Str:  4    XL:     11   Next: 66%
Magic:  25/25      EV: 29    Int: 19    God:    Dithmenos [***...]
Gold:   350        SH:  0    Dex: 18    Spells: 17/28 levels left

rFire   . . .        A - +2 quick blade (elec)
rCold   . . .        (no shield)
rNeg    . . .        q - +0 steam dragon scales
rPois   .            (helmet restricted)
rElec   .            f - +2 cloak
rCorr   .            (gloves unavailable)
SInv    +            (boots unavailable)
Will    ++...        i - amulet of regeneration
Stlth   +++++++      e - +4 ring of protection
HPRegen 1.09/turn    v - ring of Melee {Will+ EV+5}
MPRegen 0.19/turn

%: no teleportation
@: lethally poisoned (-3 -> -54), wreathed by umbra, very quick
A: very small, no large weapons, unfitting armour, see invisible, speed 3
a: Renounce Religion, Shadow Step


You were in a Gauntlet.
You worshipped Dithmenos.
Dithmenos was most pleased with you.
You visited 3 branches of the dungeon, and saw 13 of its levels.
You also visited: Gauntlet.

You collected 753 gold pieces.
You spent 403 gold pieces at shops.

Inventory:

Hand Weapons
 A - a +2 quick blade of electrocution (weapon)
Missiles
 z - 4 throwing nets
Armour
 f - a +2 cloak (worn)
 q - +0 steam dragon scales (worn)
Jewellery
 e - a +4 ring of protection (left hand)
 g - a ring of flight
 i - an amulet of regeneration (around neck)
 k - a ring of willpower
 v - the ring of Melee (right hand) {Will+ EV+5}
   (You found it in a Gauntlet)

   [ring of evasion]

   EV:        It affects your evasion (+5).
   Will:      It increases your willpower.
 B - a +6 ring of strength
 C - a +5 ring of evasion
 F - a ring of willpower
Wands
 a - a wand of light (5)
 r - a wand of iceblast (15)
 x - a wand of flame (20)
Scrolls
 b - 2 scrolls of torment
 s - 6 scrolls of teleportation
 u - 2 scrolls of vulnerability
 y - 3 scrolls of identify
 E - a scroll of brand weapon
Potions
 c - 3 potions of invisibility
 d - 3 potions of haste
 h - 8 potions of curing
 j - 2 potions of lignification
 l - 2 potions of brilliance
 m - 5 potions of heal wounds
 n - 2 potions of attraction
 p - 3 potions of might
 t - 3 potions of berserk rage
 w - 2 potions of mutation


   Skills:
 + Level 6.1 Fighting
 - Level 10.0 Short Blades
 + Level 9.9 Dodging
 + Level 12.1 Stealth
 + Level 9.3 Spellcasting
 - Level 8.0 Hexes
 - Level 4.0 Ice Magic


You had 17 spell levels left.
You knew the following spells:

 Your Spells              Type           Power      Damage    Failure   Level
a - Ensorcelled Hibernat  Hex/Ice        62%        N/A       1%          2
b - Confusing Touch       Hex            39%        N/A       1%          3
c - Tukima's Dance        Hex            39%        N/A       1%          3
d - Vhi's Electric Charg  Tloc/Air       16%        N/A       24%         3

Your spell library contained the following spells:

 Spells                   Type           Power      Damage    Failure   Level
 Dazzling Flash           Conj/Hex       48%        N/A       4%          3
 Ozocubu's Armour         Ice            24%        N/A       4%          3
 Magic Dart               Conj           32%        1d4       8%          1
 Necrotise                Necr           32%        1d5       8%          1
 Call Imp                 Summ           16%        N/A       12%         2
 Cigotuvi's Dreadful Rot  Necr/Pois/Air  16%        N/A       12%         2
 Lesser Beckoning         Tloc           16%        N/A       12%         2
 Sublimation of Blood     Necr           8%         N/A       12%         2
 Metabolic Englaciation   Hex/Ice        15%        N/A       19%         5
 Gell's Gravitas          Tloc           8%         N/A       24%         3
 Mephitic Cloud           Conj/Pois/Air  8%         N/A       24%         3
 Swiftness                Air            8%         N/A       24%         3
 Teleport Other           Tloc           8%         N/A       24%         3
 Vampiric Draining        Necr           8%         2d6       24%         3
 Yara's Violent Unravell  Hex/Tmut       12%        3d7       38%         5
 Passage of Golubria      Tloc           8%         N/A       61%         4
 Petrify                  Tmut/Erth      8%         N/A       61%         4
 Agony                    Necr           8%         N/A       91%         5
 Arcjolt                  Conj/Air       4%         1d14      91%         5
 Irradiate                Conj/Tmut      4%         3d13      91%         5
 Simulacrum               Ice/Necr       8%         N/A       99%         6
 Maxwell's Capacitive Co  Air            4%         ∞         100%        8
 Chain Lightning          Conj/Air       4%         3d5       100%        9


Dungeon Overview and Level Annotations

Branches:
Dungeon (10/15)            Temple (1/1) D:5            Lair (2/5) D:10
Gauntlet (1/1)
  Swamp: Lair:2-3    Shoals: Lair:2-3     Snake: Lair:2-3    Spider: Lair:2-3
    Orc: D:9-12

Altars:
Ashenzari
Cheibriados
Dithmenos
Elyvilon
Fedhas
Gozag
Hepliaklqana
Makhleb
Nemelex Xobeh
Okawaru
Qazlal
Ru
Sif Muna
Trog
Uskayaw
Wu Jian
Xom
Yredelemnul
Zin

Shops:
D:5 ((!:[*

Annotations:
D:5 1 runed translucent door, Bobit's ghost, novice GnTm Gauntlet 7 transporters, 16 runed translucent doors


Innate Abilities, Weirdness & Mutations

You are very small and have problems with some larger weapons.
You are too small for most types of armour.
You have supernaturally acute eyesight. (SInv)
You cover ground extremely quickly. (Speed+++)


Message History

The redback barely misses you. x2; The redback misses you.
The wolf spider closely misses you.
The wolf spider bites you but does no damage.
The moth of wrath goads the wolf spider on!
The wolf spider goes berserk!
The redback is engulfed in poison gas.
The redback is poisoned.
The redback completely misses you. The redback closely misses you.
The redback completely misses you.
Unknown command.
Unknown command.
Okay, then.
Really walk into that cloud of poison gas?
You are engulfed in poison gas.
You are poisoned.
You feel very sick.
The wolf spider completely misses you. x2
The redback is engulfed in poison gas.
The redback looks even sicker.
The wolf spider completely misses you. x2
The redback attacks as you move away! The redback completely misses you.
You are engulfed in poison gas.
You are more poisoned.
You feel very sick.
The redback is engulfed in poison gas.
The redback is poisoned.
Unknown command.
Unknown command.
You open the door.
You are engulfed in poison gas.
You are more poisoned.
You feel extremely sick.
The redback is engulfed in poison gas.
The redback looks even sicker.
The redback closely misses you.
The redback is engulfed in poison gas.
The redback is poisoned.
The redback closely misses you.
The redback is engulfed in poison gas.
The redback looks even sicker.
The redback misses you.
The wolf spider is poisoned.
The wolf spider completely misses you. The wolf spider bites you.
You are lethally poisoned!
The wolf spider poisons you!
The moth of wrath is poisoned.
The redback is engulfed in poison gas.
The redback looks even sicker.
The redback barely misses you.
The redback is engulfed in poison gas.
The redback looks as sick as possible!
The redback misses you.
The wolf spider attacks as you move away!
The wolf spider hits you!!
Ouch! That really hurt!
You die...

..........≈.............≈#.©.##
.........§8§............∩#.....
.........§≈§............≈#.©.##
#########§§§###########..#...#
........#...#..+..+...#..#...##
........#...#..+..+..§#..#.8...
.#...#..#####++#++##§§#..#...##
.......h#...#..'§s.§.§#..#.8.#
...©..hb#©.©#©.#@ss'.§#..#...#
.......t#...#§§§§sy'§§#..#≈8≈#
.#...#.?#####++#++##§§#..#####
........#...#..+..+.s§#..#
........#.8.#..+..+...#..###
#########...###########§.#8#
........................§###
......................§.§#
##########################


You could see a wolf spider (berserk, poisoned), a moth of wrath (poisoned) and
4 redbacks.

Vanquished Creatures
  A two-headed ogre (D:10)
  Pikel (D:9)
  An unseen horror (D:10)
  2 hornets (D:8)
  3 blink frogs (Lair:1)
  4 dream sheep
  25 yaks
  4 wyverns
  2 small abominations (Gauntlet)
  A fire bat (Gauntlet)
  A basilisk (D:10)
  A steam dragon (D:5)
  Menkaure (D:7)
  An acid dragon (D:10)
  9 water moccasins
  3 black bears
  3 orc warriors
  2 sky beasts (D:8)
  4 wolves (Lair:1)
  2 lemures (D:9)
  3 centaurs
  2 ogres
  4 kobold brigands
  4 bullfrogs
  A scorpion (D:5)
  An electric eel (Lair:1)
  4 howler monkeys
  A jelly (D:5)
  8 orc priests
  3 gnoll boudas
  3 hounds
  4 iguanas
  A sleepcap (D:7)
  13 orc wizards
  10 gnolls
  9 adders
  2 worms
  5 dart slugs
  21 orcs
  6 endoplasms
  2 giant cockroaches (D:2)
  6 goblins
  4 hobgoblins
  9 jackals
  27 kobolds
  3 quokkas
  7 ball pythons
  7 bats
  5 frilled lizards
  11 rats
257 creatures vanquished.

Vanquished Creatures (collateral kills)
  A fire bat (Gauntlet)
  A hell hound (Gauntlet)
  A centaur (D:8)
  A wight (D:8)
  An orc wizard (D:8)
  2 gnolls
7 creatures vanquished.

Vanquished Creatures (others)
  5 dancing weapons
  An orc wizard (D:7)
6 creatures vanquished.

Grand Total: 270 creatures vanquished

Notes
Turn   | Place    | Note
-------+----------+-------------------------------------------
     0 | D:1      | LynnLen the Spriggan Enchanter began the quest for the Orb.
     0 | D:1      | Reached XP level 1. HP: 9/9 MP: 5/5
   102 | D:1      | Reached XP level 2. HP: 13/13 MP: 6/6
   105 | D:1      | Learned a level 2 spell: Ensorcelled Hibernation
   638 | D:1      | Reached XP level 3. HP: 17/17 MP: 8/8
  1477 | D:2      | Found a hazy altar of Hepliaklqana.
  1672 | D:2      | Reached XP level 4. HP: 21/21 MP: 9/9
  2147 | D:3      | Reached skill level 5 in Stealth
  2249 | D:3      | Reached skill level 1 in Fighting
  2249 | D:3      | Reached skill level 1 in Ice Magic
  2249 | D:3      | Reached XP level 5. HP: 25/25 MP: 1/10
  2907 | D:3      | Found a faded altar of an unknown god.
  3416 | D:4      | Reached skill level 5 in Hexes
  3519 | D:4      | Got Sif Muna's Handbook of Voltage
  3711 | D:4      | Reached XP level 6. HP: 19/30 MP: 9/12
  3759 | D:4      | Learned a level 3 spell: Confusing Touch
  3763 | D:4      | Learned a level 3 spell: Tukima's Dance
  4272 | D:5      | Entered Level 5 of the Dungeon
  4413 | D:5      | Noticed a steam dragon
  4636 | D:4      | Reached XP level 7. HP: 23/34 MP: 10/13
  4749 | D:5      | Killed a steam dragon
  4817 | D:5      | Found a white marble altar of Elyvilon.
  4845 | D:5      | Found a runed translucent door.
  4845 | D:5      | Noticed Bobit's ghost (novice GnTm)
  4863 | D:5      | Reached skill level 6 in Stealth
  5159 | D:5      | Found Lalidu Vymih's Weapon Emporium.
  5159 | D:5      | Found Plog's Weapon Shop.
  5161 | D:5      | Found Okhlokebeyg's Distillery.
  5161 | D:5      | Found Aguesot's Book Boutique.
  5163 | D:5      | Found Reney's Antique Armour Emporium.
  5163 | D:5      | Found Aturr's Assorted Antiques.
  5259 | D:5      | Bought a potion of heal wounds for 55 gold pieces
  5259 | D:5      | Bought a potion of mutation for 88 gold pieces
  5290 | D:5      | Bought a sedimented puce potion for 29 gold pieces
  5388 | D:5      | Found a staircase to the Ecumenical Temple.
  5720 | D:5      | Identified the scarf "Jagroaj" {rC+ rF+, +Inv rPois Dex-4
                  | Stlth+}
  6033 | D:6      | Reached XP level 8. HP: 39/39 MP: 15/15
  6090 | D:6      | Reached skill level 5 in Short Blades
  6097 | D:6      | Reached skill level 5 in Dodging
  6474 | D:6      | Reached skill level 7 in Stealth
  7180 | D:7      | Reached skill level 5 in Spellcasting
  7210 | D:7      | Noticed Menkaure
  7216 | D:7      | Killed Menkaure
  7474 | Temple   | Entered the Ecumenical Temple
  7487 | Temple   | Became a worshipper of Dithmenos the Shadowed
  8050 | D:7      | Found a bloodstained altar of Trog.
  8175 | D:8      | Reached XP level 9. HP: 44/44 MP: 16/18
  8418 | D:8      | Reached skill level 8 in Stealth
  8514 | D:8      | Paralysed by a hornet for 2 turns
  8586 | D:8      | Reached * piety under Dithmenos
  8756 | D:8      | Reached XP level 10. HP: 49/49 MP: 17/20
  8781 | D:8      | Learned a level 3 spell: Vhi's Electric Charge
  8917 | D:8      | Reached skill level 9 in Stealth
  9005 | D:8      | Found a hide-covered altar of Uskayaw.
  9196 | D:8      | Identified the staff of death "Mofuleug" {rN+ Str-2 Dex+5}
  9555 | D:8      | Identified a scroll of acquirement
  9556 | D:8      | Acquired a +1 quick blade of electrocution
  9582 | D:9      | Found a basalt altar of Yredelemnul.
  9720 | D:5      | Bought a potion of brilliance for 132 gold pieces
  9720 | D:5      | Bought a potion of curing for 99 gold pieces
  9968 | D:9      | Noticed Pikel
  9974 | D:9      | Killed Pikel
 10056 | D:9      | Reached ** piety under Dithmenos
 10679 | D:10     | Entered Level 10 of the Dungeon
 10679 | D:10     | Noticed a two-headed ogre
 10771 | D:10     | Found a staircase to the Lair.
 10884 | D:9      | Reached skill level 10 in Stealth
 11178 | D:10     | Reached skill level 5 in Fighting
 11330 | D:10     | Reached XP level 11. HP: 55/55 MP: 20/23
 11468 | D:10     | Killed a two-headed ogre
 11616 | D:10     | Reached *** piety under Dithmenos
 11628 | D:10     | Reached skill level 10 in Short Blades
 12048 | Lair:1   | Entered Level 1 of the Lair of Beasts
 12216 | Lair:1   | Identified the +4 mace "Jimugoir" {spect, Will- Dex+3
                  | Stlth+}
 12267 | Lair:1   | Reached skill level 11 in Stealth
 13412 | Lair:2   | Found a gate leading to a gauntlet.
 13427 | Gauntlet | Entered a Gauntlet
 13427 | Gauntlet | Found a transporter.
 13427 | Gauntlet | Found a transporter.
 13516 | Gauntlet | Found a transporter.
 13520 | Gauntlet | Found a transporter.
 13534 | Gauntlet | Found a transporter.
 13537 | Gauntlet | Noticed a fire crab
 13538 | Gauntlet | Found a transporter.
 13540 | Gauntlet | Found a large runed translucent door.
 13541 | Gauntlet | Found a large runed translucent door.
 13542 | Gauntlet | Found a large runed translucent door.
 13542 | Gauntlet | Found a large runed translucent door.
 13542 | Gauntlet | Found a runed translucent door.
 13542 | Gauntlet | Found a runed translucent door.
 13543 | Gauntlet | Found a large runed translucent door.
 13544 | Gauntlet | Found a large runed translucent door.
 13546 | Gauntlet | Found a large runed translucent door.
 13546 | Gauntlet | Found a large runed translucent door.
 13546 | Gauntlet | Found a large runed translucent door.
 13547 | Gauntlet | Found a large runed translucent door.
 13548 | Gauntlet | Found a large runed translucent door.
 13552 | Gauntlet | Found a large runed translucent door.
 13552 | Gauntlet | Found a large runed translucent door.
 13553 | Gauntlet | Found a runed translucent gate.
 13553 | Gauntlet | Found a runed translucent gate.
 13553 | Gauntlet | Found a runed translucent gate.
 13555 | Gauntlet | Found a transporter.
 13566 | Gauntlet | Found a large runed translucent door.
 13567 | Gauntlet | Found a large runed translucent door.
 13569 | Gauntlet | Found a large runed translucent door.
 13569 | Gauntlet | Noticed a wolf spider
 13579 | Gauntlet | Found a transporter.
 13580 | Gauntlet | Noticed a catoblepas
 13585 | Gauntlet | Found a transporter.
 13589 | Gauntlet | Found a transporter.
 13602 | Gauntlet | Found a transporter.
 13602 | Gauntlet | Noticed a cacodemon
 13604 | Gauntlet | Found a transporter.
 13907 | Gauntlet | Reached skill level 12 in Stealth
 13960 | Gauntlet | Identified the ring of Melee {Will+ EV+5}
 14368 | Gauntlet | Slain by a wolf spider

Illustrated notes

Levels and vault maps discovered:
D:1:      dpeg_arrival_long_road, layout_basic
D:2:      layout_basic, basic_altar, minmay_heptomino_w4
D:3:      layout_loops_ring, dreamdust_ecumenical_altar_grove
D:4:      layout_loops_ring
D:5:      layout_loops_ring, elyvilon_altar_3, minmay_temple_entry_mini_moons,
          hellmonk_ghost_happy_afterlife, dreamdust_mushroom_princess,
          nicolae_wooded_promenade
D:6:      nicolae_cairo_tiling_large_dashed, layout_basic
D:7:      layout_cave_pools, amcnicky_altar_gilded, uniq_menkaure
D:8:      layout_loops_cross, mainiacjoe_overflow_alcove_2,
          minmay_alternating_orb
D:9:      layout_basic, overflow_temple_1_default, uniq_pikel
D:10:     layout_big_octagon, minmay_lair_entry_grove,
          nicolae_straight_to_the_point
Temple:   dpeg_three_leaves_temple
Lair:1:   layout_cave_pods, dreamdust_gnoll_shepherd, infiniplex_staircase_pool,
          grunt_megastairs_2, lemuel_fruit_tree
Lair:2:   layout_chaotic_city, gauntlet_entry_generic
Gauntlet: gammafunk_gauntlet_hard_choice [nicolae_gauntlet_arena_blocks,
          gammafunk_gauntlet_arena_spirals, gammafunk_gauntlet_arena_crates,
          gammafunk_gauntlet_arena_hedges, gammafunk_gauntlet_arena_teeth,
          minmay_gauntlet_arena_make_your_own_arena, gauntlet_exit_watery]

Skill      XL: |  1  2  3  4  5  6  7  8  9 10 11 |
---------------+----------------------------------+-----
Hexes          | 4 5 6 7 8 |  8.0
Dodging        | 3 4 5 7 8 9 |  9.9
Short Blades   | 2 3 4 6 7 9 10 | 10.0
Spellcasting   | 3 4 5 6 7 9 |  9.3
Stealth        | 5 6 7 8 10 12 | 12.1
Fighting       | 1 2 3 5 6 |  6.1
Ice Magic      | 1 2 4 |  4.0

Action                     |  1- 3 |  4- 6 |  7- 9 | 10-12 || total
---------------------------+-------+-------+-------+-------++-------
  Melee: Dagger            |   116 |   171 |   238 |   121 ||   646
         Punch             |       |     2 |     5 |     5 ||    12
         Quick blade       |       |       |       |   369 ||   369
   Cast: Ensorcelled Hiber |     1 |    29 |    49 |    82 ||   161
         Tukima's Dance    |       |       |    15 |     9 ||    24
         Confusing Touch   |       |       |     6 |     3 ||     9
    Use: Scroll            |     3 |    10 |     8 |     9 ||    30
         Potion            |       |       |       |     1 ||     1
   Stab: Sleeping          |    17 |    26 |    30 |    46 ||   119
         Confused          |       |       |     6 |     3 ||     9
 Armour: Robe              |    18 |    31 |       |       ||    49
         Steam dragon scal |       |       |    60 |    31 ||    91
  Dodge: Dodged            |    72 |   124 |   215 |   380 ||   791
